 Dungeon Crawl Stone Soup version 0.23-a0-625-g1d2cd9b (webtiles) character file.

151 Leeroy the Slasher (level 5, -6/58 HPs)
             Began as a Barachi Skald on Dec 25, 2018.
             Was an Initiate of Vehumet.
             Killed from afar by an orc wizard (12 damage)
             ... with a puff of flame
             ... on level 3 of the Dungeon.
             The game lasted 00:06:15 (1984 turns).

Leeroy the Slasher (Barachi Skald)                  Turns: 1984, Time: 00:06:16

Health: -6/58      AC: 22    Str: 13    XL:     5   Next: 33%
Magic:  5/8        EV:  2    Int: 19    God:    Vehumet [......]
Gold:   109        SH:  0    Dex: 11    Spells: 2/8 levels left

rFire    . . .     SeeInvis .   l - +0 spear (freeze)
rCold    . . .     Gourm    .   (no shield)
rNeg     + + +     Faith    .   (armour currently unavailable)
rPois    +         Spirit   .   (helmet currently unavailable)
rElec    .         Reflect  .   (cloak currently unavailable)
rCorr    .         Harm     .   (gloves currently unavailable)
MR       .....     NoTele   +   (boots currently unavailable)
Stlth    +.........             (no amulet)
HPRegen  0.19/turn              (no ring)
MPRegen  0.11/turn              (no ring)

@: brilliant, tree-form, very slightly contaminated, slowed, very slow
A: +LOS, swims
a: Renounce Religion


You were on level 3 of the Dungeon.
You worshipped Vehumet.
Vehumet was noncommittal.
You were not hungry.
You were a tree.
You visited 1 branch of the dungeon, and saw 3 of its levels.

You collected 109 gold pieces.

Inventory:

Hand Weapons
 a - a +0 falchion
 e - a +0 short sword
 k - a +0 hand axe
 l - a +0 spear of freezing (weapon)
 n - a +0 spear
 x - a +0 dagger
Missiles
 f - 115 stones (quivered)
 g - 40 sling bullets
 v - 6 javelins
 z - 23 arrows
Armour
 b - a +0 leather armour (melded)
 c - a +0 pair of boots (melded)
 o - a +0 plate armour
 t - a +0 ring mail
Scrolls
 m - 2 scrolls of teleportation
 p - a scroll of identify
 q - 2 scrolls of enchant weapon {unknown}
 u - a scroll of amnesia {unknown}
 y - a scroll of remove curse {unknown}
Potions
 i - 3 potions of lignification
 j - a potion of magic
 r - a potion of invisibility {unknown}
 s - a potion of might {unknown}
Comestibles
 d - 4 rations


   Skills:
 - Level 2.4 Fighting
 * Level 5.4 Long Blades
 + Level 1.9 Armour
 - Level 2.1 Dodging
 - Level 0.2 Stealth
 - Level 2.1 Spellcasting
 + Level 4.2 Charms


You had 2 spell levels left.
You knew the following spells:

 Your Spells              Type           Power        Failure   Level  Hunger
a - Infusion              Chrm           ####         1%          1    #......
b - Spectral Weapon       Hex/Chrm       ###.....     2%          3    ###....
c - Shroud of Golubria    Chrm/Tloc      ###.......   1%          2    ##.....

Your spell library contained the following spells:

 Spells                   Type           Power        Failure   Level  Hunger
 Song of Slaying          Chrm           ####....     1%          2    ##.....
 Regeneration             Chrm/Necr      ###.......   2%          3    ###....


Dungeon Overview and Level Annotations

Branches:
Dungeon (3/15)

Altars:
Ashenzari
Ru
Vehumet

Annotations:
D:3 Grinder


Innate Abilities, Weirdness & Mutations

Shadows flee at your approach. (+LOS)
You can swim through water.
((You cover ground slowly.))
((You can hop short distances.))


Message History

The orc wizard is moderately wounded.
Your spectral weapon fades away.
The orc hits you but does no damage. The orc wizard casts a spell at you.
The magic dart hits you!
Grinder comes into view.
The orc hits you but does no damage.
Casting: Spectral Weapon (safe; 2% risk of failure)
Confirm with . or Enter, or press ? or * to list all spells.
You draw out your weapon's spirit!
Grinder shouts!
The orc wizard hits you but does no damage.
The orc hits you but does no damage.
Grinder drinks a potion.
Grinder suddenly seems more resistant.
The orc priest mumbles some strange prayers to Beogh against you.
Beogh smites you!
* * * LOW HITPOINT WARNING * * *
The orc wizard points at you and mumbles some strange words.
Helpless, you fail to dodge the puff of flame.
You die...

.<.............'.........'.......
#.#.#.......####.........####....
#.#.###.##..# #.......## ##.#.
#.#.# #.###.# ##.....## ###.
#.#.# #.# .# ##...## #. #.#.# #.#
.# ##'## #. #.#.# #.# # ######.#
#. ..#.. ... ##.ooo5.# #. #####
.# #.(♣###.## # .......).##...##
# ######..>#..g..# # ######...##
# ##o#######.# #o....g...#
#o######### #.# #.#


You could see Grinder, an orc priest, an orc wizard, an orc and a friendly
spectral +0 spear of freezing.

Vanquished Creatures
  2 orc wizards (D:3)
  A gnoll (D:1)
  3 adders (D:2)
  A dart slug (D:2)
  2 leopard geckos
  An orc (D:2)
  A ball python (D:1)
  6 bats
  3 giant cockroaches (D:1)
  6 goblins
  5 hobgoblins
  2 jackals (D:1)
  5 kobolds
  A quokka (D:2)
  3 frilled lizards (D:1)
  11 rats
53 creatures vanquished.

Vanquished Creatures (others)
  A leopard gecko (D:3)
1 creature vanquished.

Grand Total: 54 creatures vanquished

Notes
Turn   | Place    | Note
-------+----------+-------------------------------------------
     0 | D:1      | Leeroy the Barachi Skald began the quest for the Orb.
     0 | D:1      | Reached XP level 1. HP: 17/17 MP: 3/3
   109 | D:1      | Reached XP level 2. HP: 14/23 MP: 5/5
   187 | D:1      | Reached skill level 3 in Long Blades
   324 | D:1      | Reached XP level 3. HP: 17/28 MP: 6/6
   330 | D:1      | Learned a level 3 spell: Spectral Weapon
   333 | D:1      | Learned a level 2 spell: Shroud of Golubria
   903 | D:2      | Found a sacrificial altar of Ru.
   911 | D:2      | Reached skill level 4 in Long Blades
  1004 | D:2      | Reached XP level 4. HP: 32/34 MP: 7/7
  1182 | D:2      | Found a shattered altar of Ashenzari.
  1724 | D:3      | Found a radiant altar of Vehumet.
  1732 | D:3      | Became a worshipper of Vehumet
  1970 | D:3      | Reached skill level 5 in Long Blades
  1970 | D:3      | Reached XP level 5. HP: 29/39 MP: 1/8
  1983 | D:3      | Noticed Grinder
  1984 | D:3      | Killed from afar by an orc wizard

Vault maps used:
D:1:      mainiacjoe_arrival_reflecting_pool, minmay_misc_feat_tiny
D:2:      overflow_temple_1_default, lemuel_coloured_pillars_altar
D:3:      fiery_altar_vehumet, uniq_robin, uniq_grinder

Skill      XL: |  1  2  3  4 |
---------------+-------------+-----
Long Blades    | 3 4 5 |  5.4
Charms         | 4 |  4.2
Fighting       | |  2.4
Armour         | |  1.9
Dodging        | |  2.1
Stealth        | |  0.2
Spellcasting   | |  2.1

Action                   |  1- 3 |  4- 6 || total
-------------------------+-------+-------++-------
Melee: Falchion          |   106 |    45 ||   151
       Spear             |       |    14 ||    14
 Cast: Infusion          |     1 |       ||     1
       Spectral Weapon   |       |     2 ||     2
  Use: Scroll            |     2 |       ||     2
       Potion            |       |     4 ||     4
  Eat: Chunk             |     1 |     4 ||     5
Armor: Leather armour    |    45 |    19 ||    64
       Skin              |       |    29 ||    29
Dodge: Dodged            |    96 |    43 ||   139
       Rpst.: Falchion   |    32 |    10 ||    42

Table legend:
 A = Non-vault XP
 B = Vault XP
 C = Vault XP percentage of total XP
 D = Non-vault monster count
 E = Vault monster count
 F = Vault count percentage of total count
                 A         B        C        D         E       F
            +---------+---------+-------+---------+---------+-------
      Total |     217 |       0 |   0.0 |      53 |       0 |   0.0
            +---------+---------+-------+---------+---------+-------
        D:1 |      51 |       0 |   0.0 |      25 |       0 |   0.0
        D:2 |      70 |       0 |   0.0 |      19 |       0 |   0.0
        D:3 |      96 |       0 |   0.0 |       9 |       0 |   0.0
            +---------+---------+-------+---------+---------+-------
